 Dungeon Crawl Stone Soup version 0.30-a0-760-g5a9884bb7c (webtiles) character file.

Game seed: 2499841914131545233

139585 vineage the Bludgeoner (level 17, -10/115 HPs)
             Began as a Gargoyle Fighter on Feb 10, 2023.
             Was a High Priest of Okawaru.
             Killed from afar by a deep elf sorcerer (52 damage)
             ... with damnation
             ... on level 3 of the Elven Halls.
             The game lasted 00:42:14 (28648 turns).

vineage the Bludgeoner (Gargoyle Fighter)          Turns: 28648, Time: 00:42:15

Health: -10/115    AC: 54    Str: 31    XL:     17   Next: 28%
Magic:  15/20      EV: 13    Int:  9    God:    Okawaru [*****.]
Gold:   1231       SH: 22    Dex: 19    Spells: 16/16 levels left

rFire   + . .      SeeInvis .    V - +4 eveningstar (flame)
rCold   + . .      Faith    .    m - +1 kite shield
rNeg    + + .      Spirit   .    N - +11 pearl dragon scales of Geivumel {rPois rN+ Int+4 Dex-4 Slay+2}
rPois   ∞          Reflect  +    h - +0 helmet of Bueczoh {rF+ Will+ Regen+}
rElec   +          Harm     .    A - +2 cloak {Will+}
rCorr   .          Rampage  .    T - +2 pair of gloves {Dex+3}
Will    ++++.                    P - +0 pair of boots of Derega {rC+ Will+ Int-5 Dex+3}
Stlth   ++                       p - amulet of reflection
HPRegen 1.19/turn                J - +6 ring of dexterity
MPRegen 0.17/turn                i - +6 ring of strength

@: heroic, finesse-ful, flying
A: sickness immunity, AC +12, big wings, negative energy resistance 1,
electricity resistance, torment resistance 1, petrification resistance
a: Renounce Religion, Heroism, Finesse, Duel


You were on level 3 of the Elven Halls.
You worshipped Okawaru.
Okawaru was extremely pleased with you.
You visited 5 branches of the dungeon, and saw 26 of its levels.
You also visited: Trove, Sewer, Gauntlet and Ice Cave.

You collected 2975 gold pieces.
You spent 1744 gold pieces at shops.

Inventory:

Hand Weapons
 w - a +2 demon whip of draining
 B - a +1 morningstar of holy wrath
 V - a +4 eveningstar of flaming (weapon)
Armour
 h - the +0 helmet of Bueczoh (worn) {rF+ Will+ Regen+}
   (Okawaru gifted it to you on level 3 of the Lair of Beasts)

   rF:        It protects you from fire.
   Regen:     It increases your rate of health regeneration.
   Will:      It increases your willpower.
 m - a +1 kite shield (worn)
 A - a +2 cloak of willpower (worn)
 E - a +0 helmet of see invisible
 N - the +11 pearl dragon scales of Geivumel (worn) {rPois rN+ Int+4 Dex-4 Slay+2}
   (You found it in a treasure trove)

   Int:       It affects your intelligence (+4).
   Dex:       It affects your dexterity (-4).
   Slay:      It affects your accuracy & damage with ranged weapons and melee
   (+2).
   rPois:     It protects you from poison.
   rN:        It protects you from negative energy.
 P - the +0 pair of boots of Derega (worn) {rC+ Will+ Int-5 Dex+3}
   (You found it in a treasure trove)

   Int:       It affects your intelligence (-5).
   Dex:       It affects your dexterity (+3).
   rC:        It protects you from cold.
   Will:      It increases your willpower.
 R - the +2 pair of gloves of Agoraphobia {-Cast rC+ rN++}
   (You found it in a treasure trove)

   rC:        It protects you from cold.
   rN:        It greatly protects you from negative energy.
   -Cast:     It prevents spellcasting.
 T - a +2 pair of gloves of dexterity (worn)
Jewellery
 a - a +6 ring of strength
 c - the necklace of Bloodlust {Fury *Rage Will++ Int-3 Slay+6}
   (You bought it in a shop on level 2 of the Orcish Mines)

   [amulet of nothing]

   Fury:      It extends the wearer's berserk rage when killing foes.
   Int:       It affects your intelligence (-3).
   Slay:      It affects your accuracy & damage with ranged weapons and melee
   (+6).
   *Rage:     It berserks you when you make melee attacks (+50% chance).
   Will:      It greatly increases your willpower.
 f - a ring of protection from cold
 i - a +6 ring of strength (right hand)
 p - an amulet of reflection (around neck)
 t - an amulet of the acrobat
 D - a +6 ring of intelligence
 H - an amulet of magic regeneration
 J - a +6 ring of dexterity (left hand)
 O - a ring of protection from cold
 S - an amulet of guardian spirit
Wands
 o - a wand of flame (94)
 q - a wand of quicksilver (25)
 s - a wand of roots (13)
 F - a wand of polymorph (8)
 W - a wand of mindburst (11)
Scrolls
 e - 7 scrolls of noise
 u - 13 scrolls of identify
 y - 3 scrolls of silence
 z - 5 scrolls of fog
 C - 3 scrolls of magic mapping
 G - 7 scrolls of enchant armour
 K - 2 scrolls of amnesia
 L - a scroll of brand weapon
 M - 4 scrolls of poison
Potions
 b - 4 potions of magic
 d - 5 potions of might
 g - 4 potions of flight
 j - 4 potions of berserk rage
 k - 3 potions of haste
 l - 7 potions of heal wounds
 n - 9 potions of attraction
 r - 5 potions of invisibility
 v - 9 potions of curing
 x - 2 potions of resistance
 I - 2 potions of lignification
 Q - a potion of cancellation
 U - a potion of brilliance


   Skills:
 + Level 15.8(20.8) Fighting
 * Level 19.8(24.8) Maces & Flails
 + Level 14.9(19.9) Armour
 + Level 14.8(19.8) Shields
 - Level 4.1 Invocations


You had 16 spell levels left.
You didn't know any spells.
Your spell library contained the following spells:

 Spells                   Type           Power      Damage    Failure   Level
 Beastly Appendage        Tmut           0%         N/A       67%         1
 Magic Dart               Conj           0%         1d3       67%         1
 Necrotise                Necr           0%         1d4       67%         1
 Sting                    Tmut/Pois      0%         1d3       67%         1
 Ensorcelled Hibernation  Hex/Ice        0%         N/A       82%         2
 Passwall                 Tmut/Erth      0%         N/A       82%         2
 Poisonous Vapours        Pois/Air       0%         N/A       82%         2
 Gell's Gravitas          Tloc           0%         N/A       96%         3
 Mephitic Cloud           Conj/Pois/Air  0%         N/A       96%         3
 Ozocubu's Armour         Ice            0%         N/A       96%         3
 Stone Arrow              Conj/Erth      0%         3d7       96%         3
 Swiftness                Air            0%         N/A       96%         3
 Teleport Other           Tloc           0%         N/A       96%         3
 Vhi's Electric Charge    Tloc/Air       0%         N/A       96%         3
 Anguish                  Hex/Necr       0%         N/A       100%        4
 Leda's Liquefaction      Hex/Erth       0%         N/A       100%        4
 Olgreb's Toxic Radiance  Pois           0%         N/A       100%        4
 Passage of Golubria      Tloc           0%         N/A       100%        4
 Arcjolt                  Conj/Air       0%         1d10      100%        5
 Lee's Rapid Deconstruct  Erth           0%         3d4*      100%        5
 Metabolic Englaciation   Hex/Ice        0%         N/A       100%        5
 Silence                  Hex/Air        0%         N/A       100%        5
 Conjure Ball Lightning   Conj/Air       0%         3x3d6     100%        6
 Dispersal                Tloc           0%         N/A       100%        6
 Eringya's Noxious Bog    Tmut/Pois      0%         N/A       100%        6
 Lehudib's Crystal Spear  Conj/Erth      0%         10d2      100%        8
 Maxwell's Capacitive Co  Air            0%         ∞         100%        8
 Necromutation            Tmut/Necr      0%         N/A       100%        8
 Call Imp                 Summ           Unusable   N/A       N/A         2
 Animate Armour           Summ/Erth      Unusable   N/A       N/A         4
 Summon Ice Beast         Ice/Summ       Unusable   N/A       N/A         4
 Summon Lightning Spire   Summ/Air       Unusable   N/A       N/A         4
 Summon Mana Viper        Hex/Summ       Unusable   N/A       N/A         5
 Simulacrum               Ice/Necr       Unusable   N/A       N/A         6
 Statue Form              Tmut/Erth      Unusable   N/A       N/A         6
 Monstrous Menagerie      Summ           Unusable   N/A       N/A         7

Dungeon Overview and Level Annotations

Branches:
Dungeon (15/15)            Temple (1/1) D:5            Lair (5/5) D:10
 Shoals (0/4) Lair:2        Snake (0/4) Lair:2        Slime (0/5) Lair:5
    Orc (2/2) D:10            Elf (3/3) Orc:2        Vaults (0/5) D:14
 Depths (0/4) D:15          Sewer (visited)           IceCv (visited)
Gauntlet (visited)

Altars:
Ashenzari
Cheibriados
Dithmenos
Elyvilon
Fedhas
Gozag
Hepliaklqana
Makhleb
Nemelex Xobeh
Okawaru
Qazlal
Ru
Sif Muna
Trog
Uskayaw
Vehumet
Wu Jian
Xom
Yredelemnul
Zin
The Shining One
Jiyva

Shops:
D:10 *   D:14 [   Orc:2 :[==


Innate Abilities, Weirdness & Mutations

You are immune to sickness and miasma.
Your stone body is resilient. (AC +12)
You are immune to poison.
Your large and strong wings let you fly.
You resist negative energy. (rN+)
You are resistant to electric shocks. (rElec)
You are resistant to unholy torment.
You are immune to petrification.


Message History

No target in view!
No target in view!
You see here a +3 heavy hand axe.
You reach down and open the door.
Found an escape hatch in the ceiling.
There is an open door here.
You reach down and open the door.
Found a pair of gloves.
No target in view!
s - a wand of roots (13) (gained 2 charges)
A deep elf annihilator comes into view.
It is wielding a +1 long sword of distortion.
The deep elf annihilator casts a spell.
The deep elf annihilator blinks!
You gain the combat prowess of a mighty hero.
The deep elf annihilator gestures wildly while chanting.
The deep elf annihilator blinks!
No target in view!
A deep elf sorcerer comes into view. It is wielding a +0 long sword.
The deep elf sorcerer shouts!
You hear a shout! x2
A deep elf demonologist and a deep elf sorcerer come into view.
The deep elf sorcerer shouts!
The deep elf demonologist shouts!
You hear a shout! x4
The deep elf sorcerer gestures at you while chanting.
The sphere of damnation explodes!
The damnation engulfs you!!!
The deep elf sorcerer mumbles some strange words.
The deep elf sorcerer seems to speed up.
You hear a shout! x5
The deep elf annihilator gestures wildly while chanting.
The deep elf annihilator blinks!
You can now deal lightning-fast blows.
The deep elf sorcerer mumbles some strange words.
The deep elf sorcerer seems to speed up.
You hear a shout!
A deep elf sorcerer is nearby!
The deep elf sorcerer casts a spell at you.
The sphere of damnation explodes!
The damnation engulfs you!!!
You hear a shout! x2
The deep elf sorcerer gestures at you while chanting.
The sphere of damnation explodes!
The damnation engulfs you!!!
You die...

.## #.^# #.##
#.## ##.## #e#
##.##### ####e##
##.##.#
##.....##
##'#.##
##.......##
######...#
##.........##
....'....##
#...........#
#####.....+
+.@.........#
#.....#
#<....P.....#
###+###
#...........#
#...........# #
##.........## ##
##'.......## .##
##.##.....##
#.## ##+##
##.#####'###
##.###...####.##
#[#


You could see 2 deep elf sorcerers.

Vanquished Creatures
  A deep elf blademaster (Elf:2)
  A balrug (Gauntlet)
  2 deep elf sorcerers (Elf:2)
  A stone giant (D:15)
  The ghost of tilp the Carver, a journeyman MeFi of Okawaru (Orc:2)
  A deep elf demonologist (Elf:2)
  A minotaur (Gauntlet)
  A fire dragon (Lair:5)
  A deep elf high priest (Elf:1)
  5 hydras
  10 two-headed ogres
  10 boulder beetles
  An ogre mage (Orc:1)
  13 centaur warriors
  A death knight (D:14)
  19 dancing weapons
  5 tengu warriors
  An orc high priest (Orc:2)
  A death yak (Lair:2)
  9 deep elf knights
  Lodul (D:14)
  3 skysharks
  4 swamp dragons
  3 wizards (D:14)
  7 deep elf archers
  22 deep elf pyromancers
  An orc knight (D:14)
  22 deep elf zephyrmancers
  2 manticores
  13 ugly things
  6 orc sorcerers
  4 cyclopes
  7 elephants
  The ghost of Jib19100 the Slasher, a novice MiBe of Trog (D:5)
  A guardian serpent (shapeshifter) (D:13)
  4 black mambas
  An unseen horror (D:11)
  An ice statue (Gauntlet)
  Maggie (D:10)
  6 cane toads
  A gargoyle (D:14)
  3 kobold demonologists (D:11)
  A rime drake (shapeshifter) (D:15)
  A freezing wraith (D:14)
  An efreet (D:14)
  An unseen horror (shapeshifter) (D:15)
  5 rime drakes
  A yaktaur (shapeshifter) (Elf:2)
  10 komodo dragons
  A tengu conjurer (Gauntlet)
  7 trolls
  17 polar bears
  A wolf spider simulacrum (D:14)
  Grinder (D:4)
  8 blink frogs (Lair:1)
  A blink frog (shapeshifter) (Elf:2)
  5 raiju (Lair:5)
  4 air elementals (Elf:2)
  10 slime creatures
  A water elemental (Elf:3)
  4 fire elementals
  3 shadows (D:10)
  38 yaks
  2 wyverns
  An unseen horror simulacrum (D:8)
  3 wraiths
  A redback (D:14)
  3 basilisks
  3 vampire mosquitoes (D:10)
  4 steam dragons
  9 wargs
  Edmund (D:4)
  3 nagas (Lair:2)
  6 acid dragons
  2 swamp worms (shapeshifter)
  11 hell hounds
  8 water moccasins
  18 orc warriors
  Pargi (Sewer)
  An ice beast (shapeshifter) (D:14)
  15 black bears
  9 ice beasts
  A swamp drake (Lair:5)
  15 ogres
  A boggart (D:14)
  23 wolves
  24 centaurs
  3 phantoms
  12 bullfrogs
  3 kobold brigands
  3 necrophages
  3 scorpions
  A water moccasin zombie (D:6)
  An earth elemental (Elf:2)
  A wyvern skeleton (D:6)
  7 wights
  15 killer bees (D:8)
  A howler monkey (shapeshifter) (D:11)
  5 howler monkeys
  3 electric eels
  A gnoll bouda (D:7)
  21 orc priests
  5 jellies
  3 bullfrog skeletons (D:6)
  Jessica (D:3)
  4 iguanas
  36 orc wizards
  12 hell rats
  6 ogre zombies (D:10)
  A killer bee simulacrum (D:8)
  Robin (D:4)
  5 gnolls (D:7)
  A howler monkey skeleton (D:6)
  6 adders
  13 river rats (Lair:1)
  6 white imps
  4 ufetubi
  4 worms
  3 dart slugs
  67 orcs
  6 bats
  6 endoplasms
  3 giant cockroaches
  7 goblins
  13 hobgoblins
  4 jackals (D:1)
  7 quokkas
  4 ball pythons
  10 frilled lizards
  2 goblin skeletons (D:10)
  A goblin zombie (D:10)
  26 kobolds
  4 orc skeletons (D:10)
  12 orc zombies (D:10)
  16 rats
  A spectral orc (D:3)
865 creatures vanquished.

Vanquished Creatures (others)
  2 deep elf knights (Elf:2)
  An iguana (Lair:5)
  3 orc wizards
  3 orcs
  19 demonic plants (Gauntlet)
  50 fungi
  65 plants
  4 withered plants
147 creatures vanquished.

Grand Total: 1012 creatures vanquished

Notes
Turn   | Place    | Note
-------+----------+-------------------------------------------
     0 | D:1      | vineage the Gargoyle Fighter began the quest for the Orb.
     0 | D:1      | Reached XP level 1. HP: 14/14 MP: 1/1
    83 | D:1      | Reached XP level 2. HP: 16/19 MP: 2/2
   724 | D:2      | Reached XP level 3. HP: 22/23 MP: 3/3
   753 | D:2      | Reached skill level 3 in Maces & Flails
  1071 | D:3      | Noticed an ogre
  1077 | D:3      | Killed an ogre
  1078 | D:3      | Reached skill level 4 in Maces & Flails
  1078 | D:3      | Reached XP level 4. HP: 13/30 MP: 4/4
  1078 | D:3      | Reached XP level 5. HP: 14/34 MP: 5/5
  1307 | D:3      | Noticed Jessica
  1313 | D:3      | Killed Jessica
  1422 | D:3      | Found a faded altar of an unknown god.
  1451 | D:3      | Found a basalt altar of Yredelemnul.
  1614 | D:3      | Found a hide-covered altar of Uskayaw.
  1614 | D:3      | Found a glowing golden altar of the Shining One.
  1615 | D:3      | Found a glowing silver altar of Zin.
  1791 | D:4      | Reached skill level 5 in Maces & Flails
  1791 | D:4      | Reached XP level 6. HP: 34/40 MP: 6/6
  1893 | D:4      | Reached skill level 5 in Fighting
  2011 | D:4      | Noticed Edmund
  2028 | D:4      | Killed Edmund
  2122 | D:4      | Reached skill level 6 in Maces & Flails
  2122 | D:4      | Reached XP level 7. HP: 44/44 MP: 7/7
  2419 | D:4      | Noticed Robin
  2422 | D:4      | Killed Robin
  2513 | D:4      | Noticed Grinder
  2524 | D:4      | Killed Grinder
  2525 | D:4      | Reached skill level 7 in Maces & Flails
  2592 | D:5      | Entered Level 5 of the Dungeon
  2627 | D:5      | Reached XP level 8. HP: 40/51 MP: 8/8
  2736 | D:5      | Found a staircase to the Ecumenical Temple.
  2781 | Temple   | Entered the Ecumenical Temple
  2836 | Temple   | Became a worshipper of Warmaster Okawaru
  2886 | D:5      | Found a transporter.
  2889 | D:5      | Noticed Jib19100's ghost (novice MiBe)
  2890 | D:5      | Identified the +5 great mace "Oheyton" {freeze, Int+3}
  3006 | D:5      | Found a sparkling altar of Nemelex Xobeh.
  3006 | D:5      | Found a shimmering blue altar of Sif Muna.
  3018 | D:5      | Reached skill level 8 in Maces & Flails
  3021 | D:5      | Found a blossoming altar of Fedhas.
  3130 | D:5      | Reached skill level 1 in Invocations
  3183 | D:5      | Reached * piety under Okawaru
  3407 | D:5      | Found a transporter.
  3419 | D:5      | Killed Jib19100's ghost
  3420 | D:5      | Reached XP level 9. HP: 40/57 MP: 8/10
  3845 | D:6      | Reached skill level 9 in Maces & Flails
  3989 | D:6      | Found a glowing drain.
  3999 | Sewer    | Entered a sewer
  4038 | Sewer    | Noticed Pargi
  4044 | Sewer    | Killed Pargi
  4248 | D:6      | Reached skill level 5 in Armour
  4479 | D:6      | Reached ** piety under Okawaru
  4480 | D:6      | Reached skill level 5 in Shields
  5343 | D:7      | Found an opulent altar of Gozag.
  5766 | D:7      | Reached XP level 10. HP: 60/64 MP: 13/13
  6005 | D:8      | Reached skill level 10 in Maces & Flails
  6404 | D:8      | Found a shadowy altar of Dithmenos.
  6655 | D:8      | Reached *** piety under Okawaru
  6719 | D:8      | Found a snail-covered altar of Cheibriados.
  7248 | D:8      | Found a white marble altar of Elyvilon.
  7687 | D:8      | Reached skill level 11 in Maces & Flails
  8109 | D:8      | HP: 3/66 [killer bee (3)]
  8112 | D:8      | Reached **** piety under Okawaru
  8115 | D:8      | HP: 2/66 [killer bee (5)]
  8521 | D:9      | Found a radiant altar of Vehumet.
  8899 | D:9      | Reached XP level 11. HP: 71/71 MP: 14/14
  9040 | D:10     | Entered Level 10 of the Dungeon
  9047 | D:10     | Found Olouw's General Store.
  9067 | D:10     | Noticed a two-headed ogre
  9078 | D:10     | Killed a two-headed ogre
  9444 | D:10     | Reached ***** piety under Okawaru
  9445 | D:10     | Reached skill level 12 in Maces & Flails
  9609 | D:10     | Found a sacrificial altar of Ru.
  9704 | D:10     | Found a staircase to the Orcish Mines.
 10024 | D:10     | Found a staircase to the Lair.
 10038 | D:10     | Noticed Maggie
 10054 | D:10     | Killed Maggie
 10055 | D:10     | Reached skill level 10 in Fighting
 10544 | D:11     | Noticed a cyclops
 10549 | D:11     | Killed a cyclops
 10677 | D:11     | Noticed a sixfirhy
 10861 | D:11     | Noticed a two-headed ogre
 10870 | D:11     | Killed a two-headed ogre
 10895 | D:11     | Reached XP level 12. HP: 44/78 MP: 12/15
 11292 | D:11     | Reached skill level 13 in Maces & Flails
 11575 | D:11     | Found a portal to a secret trove of treasure.
 11589 | D:11     | Noticed an ogre mage
 11593 | D:11     | Noticed a two-headed ogre
 11594 | D:11     | Noticed a two-headed ogre
 11595 | D:11     | Noticed a two-headed ogre
 11980 | D:11     | Killed a two-headed ogre
 12510 | D:11     | Paralysed by an ogre mage for 5 turns
 12528 | D:11     | Killed a two-headed ogre
 12536 | D:11     | Killed a two-headed ogre
 12839 | Lair:1   | Entered Level 1 of the Lair of Beasts
 13533 | Lair:1   | Reached ****** piety under Okawaru
 13549 | Lair:1   | Received a gift from Okawaru
 13550 | Lair:1   | Reached skill level 14 in Maces & Flails
 14541 | Lair:1   | Reached skill level 10 in Armour
 14575 | Lair:1   | Reached XP level 13. HP: 59/84 MP: 14/16
 14587 | Lair:1   | Reached skill level 10 in Shields
 14849 | Lair:2   | Found a staircase to the Shoals.
 14907 | Lair:2   | Found a staircase to the Snake Pit.
 15320 | Lair:3   | Found a frozen archway.
 15331 | IceCv    | Entered an ice cave
 15753 | Lair:2   | Received a gift from Okawaru
 16048 | D:11     | You paid a toll of 4 potions of resistance to enter a
                  | treasure trove
 16049 | Trove    | Entered a treasure trove
 16056 | Trove    | Identified the +1 kite shield of Jaduzado {rCorr}
 16057 | Trove    | Identified the +2 robe of Depression {Str+3}
 16069 | Trove    | Identified the +11 pearl dragon scales of Geivumel {rPois
                  | rN+ Int+4 Dex-4 Slay+2}
 16072 | Trove    | Identified the +1 pair of gloves "Ninlir" {Rampage Will+
                  | Int+4}
 16075 | Trove    | Identified the +0 pair of boots of Derega {rC+ Will+ Int-5
                  | Dex+3}
 16080 | Trove    | Identified the +3 kite shield of the Griffon {+Inv rN++
                  | Str+3 Slay-6 Stlth+}
 16083 | Trove    | Identified the +2 pair of gloves of Agoraphobia {-Cast rC+
                  | rN++}
 16713 | Lair:3   | Identified the +0 helmet of Bueczoh {rF+ Will+ Regen+}
                  | (Okawaru gifted it to you on level 3 of the Lair of Beasts)
 16713 | Lair:3   | Received a gift from Okawaru
 16714 | Lair:3   | Reached skill level 15 in Maces & Flails
 17324 | Lair:4   | Found a transporter.
 17402 | Lair:4   | Found a transporter.
 17960 | Lair:5   | Entered Level 5 of the Lair of Beasts
 18029 | Lair:5   | Gained mutation: Your large and strong wings let you fly.
                  | [Gargoyle growth]
 18029 | Lair:5   | Reached XP level 14. HP: 92/92 MP: 17/17
 18408 | Lair:5   | Identified the +8 great mace of Wezum {venom, Str+3 Dex+3}
                  | (Okawaru gifted it to you on level 5 of the Lair of Beasts)
 18408 | Lair:5   | Received a gift from Okawaru
 18451 | Lair:5   | Reached skill level 16 in Maces & Flails
 18846 | Lair:5   | Found a viscous altar of Jiyva.
 18847 | Lair:5   | Found a staircase to the Slime Pits.
 19417 | Orc:1    | Entered Level 1 of the Orcish Mines
 19504 | Orc:1    | You are sucked into a shaft and drop 1 floor!
 19504 | Orc:2    | Entered Level 2 of the Orcish Mines
 19615 | Orc:2    | Received a gift from Okawaru
 19758 | Orc:2    | Found Qorap's Jewellery Shoppe.
 19758 | Orc:2    | Found Sagiqiquza's Book Emporium.
 19758 | Orc:2    | Found Fuoviwel's Armour Emporium.
 19796 | Orc:2    | Found Oceo's Jewellery Shoppe.
 19806 | Orc:2    | Bought the necklace of Bloodlust {Fury *Rage Will++ Int-3
                  | Slay+6} for 543 gold pieces
 19806 | Orc:2    | Found the necklace of Bloodlust {Fury *Rage Will++ Int-3
                  | Slay+6}
 19842 | Orc:2    | Bought a +6 ring of strength for 468 gold pieces
 19846 | Orc:2    | Bought a +6 ring of dexterity for 432 gold pieces
 19963 | Orc:2    | Found a staircase to the Elven Halls.
 20300 | Orc:2    | Found a runed translucent door.
 20301 | Orc:2    | Noticed tilp's ghost (journeyman MeFi)
 20410 | Orc:2    | Killed tilp's ghost
 20413 | Orc:2    | Got the Octavo of Ghastly Transition
 20620 | Orc:1    | Received a gift from Okawaru
 21333 | D:12     | Reached XP level 15. HP: 99/99 MP: 18/18
 21338 | D:12     | Identified the +0 shortbow of Melee {drain, Dex+3}
 21481 | D:12     | Reached skill level 17 in Maces & Flails
 22632 | D:14     | Found Nymeumon's Armour Shoppe.
 22683 | D:14     | Found a gate to the Vaults.
 22730 | D:14     | Identified the +0 pair of gloves of Past Mistakes {Will++
                  | Regen+ MP-9 Int+3} (Okawaru gifted it to you on level 14 of
                  | the Dungeon)
 22730 | D:14     | Received a gift from Okawaru
 22776 | D:14     | Found a gate leading to a gauntlet.
 22787 | Gauntlet | Entered a Gauntlet
 22787 | Gauntlet | Found a transporter.
 22796 | Gauntlet | Found a transporter.
 22811 | Gauntlet | Found a transporter.
 22816 | Gauntlet | Found a transporter.
 22835 | Gauntlet | Found a transporter.
 22853 | Gauntlet | Found a transporter.
 22855 | Gauntlet | Noticed a balrug
 22868 | Gauntlet | Found a transporter.
 22877 | Gauntlet | Found a transporter.
 22889 | Gauntlet | Found a transporter.
 22894 | Gauntlet | Found a transporter.
 22894 | Gauntlet | Found a transporter.
 22909 | Gauntlet | Found a transporter.
 22928 | Gauntlet | Found a transporter.
 22945 | Gauntlet | Found a transporter.
 22972 | Gauntlet | Found a transporter.
 22992 | Gauntlet | Found a transporter.
 23003 | Gauntlet | Found a transporter.
 23016 | Gauntlet | Found a transporter.
 23090 | Gauntlet | Killed a balrug
 23505 | D:14     | Got the Exposition on Austromancy
 23667 | D:14     | Bought a +2 pair of gloves of dexterity for 301 gold pieces
 23949 | D:14     | Reached skill level 18 in Maces & Flails
 24093 | D:14     | Received a gift from Okawaru
 24101 | D:14     | Reached XP level 16. HP: 67/107 MP: 19/19
 24415 | D:14     | Identified the +7 war axe of the Scorching Pill Bug {elec,
                  | rCorr Stlth+}
 24445 | D:14     | Noticed Lodul
 24460 | D:14     | Killed Lodul
 24712 | D:15     | Entered Level 15 of the Dungeon
 25568 | D:15     | Found a staircase to the Depths.
 25708 | Elf:1    | Entered Level 1 of the Elven Halls
 26152 | Elf:1    | Received a gift from Okawaru
 26319 | Elf:1    | Reached skill level 15 in Fighting
 26372 | Elf:1    | Identified the +0 scale mail of Visinn {Str+4 Dex+6}
 26638 | Elf:2    | Paralysed by an air elemental for 1 turns
 26768 | Elf:2    | Reached skill level 19 in Maces & Flails
 26782 | Elf:2    | Identified the +5 chain mail of Vexation {rC+}
 26941 | Elf:2    | Found a runed translucent gate.
 26941 | Elf:2    | Found a runed translucent gate.
 26942 | Elf:2    | Found a runed translucent gate.
 27199 | Elf:2    | Paralysed by an air elemental for 1 turns
 27213 | Elf:2    | Paralysed by an air elemental for 1 turns
 27344 | Elf:2    | Identified the +2 pair of boots of Ofuhenno {rN+ Dex+3
                  | SInv} (Okawaru gifted it to you on level 2 of the Elven
                  | Halls)
 27344 | Elf:2    | Received a gift from Okawaru
 27715 | Elf:2    | Noticed a deep elf blademaster
 27750 | Elf:2    | Reached XP level 17. HP: 105/113 MP: 20/20
 27900 | Elf:2    | Killed a deep elf blademaster
 28340 | Elf:3    | Entered Level 3 of the Elven Halls
 28648 | Elf:3    | Killed from afar by a deep elf sorcerer

Illustrated notes

Levels and vault maps discovered:
D:1:      minmay_arrival_three_doors, layout_basic
D:2:      layout_rooms
D:3:      layout_rooms, yredelemnul_forgotten_temple_becter,
          gammafunk_temple_overflow_claw, nicolae_overflow_ecumenical_swirl,
          uniq_jessica
D:4:      layout_loops_cross, uniq_edmund, uniq_robin, uniq_grinder
D:5:      layout_loops_cross, kennysheep_mini_moat, jmf_multi_god_temple,
          minmay_temple_entry_arrows, gammafunk_ghost_smash
D:6:      layout_basic, gup_sewer_entry_bowl, serial_undead, serial_undead_c,
          serial_undead_c, serial_undead_c, serial_undead_d, nrook_mini_vaults,
          minmay_lizard_king
D:7:      layout_gridville, grunt_gozag_breadcrumbs
D:8:      layout_cave_pods, kennysheep_slug_shrine,
          nicolae_elyvilon_peaceful_grove, nicolae_dithmenos_shadow_blocks,
          serial_ice, serial_ice_i, serial_ice_e, serial_ice_g, serial_ice_d,
          serial_ice_a, serial_ice_f
D:9:      hellmonk_crumbling_castle, layout_irregular_city,
          mainiacjoe_overflow_small_starburst
D:10:     layout_roguey, mainiacjoe_overflow_24_doors,
          due_lair_maze_entry_diamond, zombieorc1_lemuel, serial_shops, shop,
          uniq_maggie
D:11:     layout_grid_maze, nicolae_trove_entry_crossroad, st_stairs_1
D:12:     layout_stronghold
D:13:     layout_rooms, minmay_misc_feat_diagonals
D:14:     minmay_the_grid_octo_tiled_octocenter_mashed
          [minmay_the_grid_octo_focus, minmay_the_grid_octo_pinwheel,
          minmay_the_grid_octo_horde, minmay_the_grid_octo_thin_diamonds,
          minmay_the_grid_octo_prize_square_snowflake,
          minmay_the_grid_square_5x5_two, minmay_the_grid_square_5x5_bridge,
          minmay_the_grid_square_5x5_sharp_hourglass,
          minmay_the_grid_square_5x5_gyroscope], layout_layer_cave,
          david_vaults_1, serial_shops, shop, minivault_11,
          gauntlet_entry_generic, uniq_lodul
D:15:     grunt_enter_depths_snipers, layout_long_grid, nrook_mini_backslash,
          lightli_minifort
Temple:   nicolae_temple_godpark
Lair:1:   lemuel_ratsnest, layout_gridlike, serial_bayou_shore_a,
          grunt_megastairs_3
Lair:2:   layout_cave_shapes, minmay_shoals_entry_centaurs,
          nicolae_snake_entry_squirm
Lair:3:   layout_small_grid, portal_ice_cave_entry_pillars_1, minivault_26,
          minivault_19
Lair:4:   gammafunk_cloud_chamber, layout_gridlike
Lair:5:   hangedman_lair_caniforms_friends, layout_loops_ring,
          guppyfry_lair_end_dragon, nicolae_slime_entry_field_trip,
          gammafunk_lair_bear_cave
Orc:1:    layout_caves, guppyfry_library_mini
Orc:2:    st_orc_mages, layout_diamond_mine, gammafunk_ghost_grave
Elf:1:    eino_elf_arrival_sip, layout_geoelf_diagonals,
          kennysheep_underground_church, solitary_fountain
Elf:2:    elven_hall_of_blades_hangedman_original
          [nicolae_blade_entry_diamond_columns], layout_geoelf_diagonals
Elf:3:    minmay_elf_hall_four_x, layout_geoelf_grid, glass_columns_c

Skill      XL: |  1  2  3  4  5  6  7  8  9 10 11 12 13 14 15 16 |
---------------+-------------------------------------------------+-----
Maces & Flails | 4 5 6 7 8 9 11 12 14 15 16 18 19 | 19.8
Fighting       | 4 5 6 7 8 9 10 11 12 13 14 15 | 15.8
Invocations    | 2 4 |  4.1
Armour         | 4 5 7 8 10 11 12 13 14 | 14.9
Shields        | 4 5 7 8 9 11 12 13 14 | 14.8

Action                     |  1- 3 |  4- 6 |  7- 9 | 10-12 | 13-15 | 16-18 || total
---------------------------+-------+-------+-------+-------+-------+-------++-------
  Melee: Flail             |    98 |   109 |   179 |       |       |       ||   386
         Morningstar       |       |       |    91 |   990 |   134 |       ||  1215
         Demon whip        |       |       |       |       |  1420 |   511 ||  1931
         Eveningstar       |       |       |       |       |       |    44 ||    44
 Invoke: Heroism           |       |       |     1 |    11 |    11 |     4 ||    27
         Finesse           |       |       |       |       |     1 |     1 ||     2
    Use: Scroll            |     2 |     7 |     8 |    10 |     9 |     6 ||    42
         Potion            |     1 |     1 |     3 |     8 |     5 |       ||    18
   Stab: Petrified         |       |       |       |       |     2 |       ||     2
 Armour: Scale mail        |    38 |       |       |       |       |       ||    38
         Leather armour    |    36 |    41 |   141 |   503 |    66 |       ||   787
         Pearl dragon scal |       |       |       |       |   836 |   210 ||  1046
  Dodge: Dodged            |    45 |    16 |    99 |   341 |   440 |    73 ||  1014
  Block: Buckler           |    17 |       |       |       |       |       ||    17
         Kite shield       |    16 |    69 |   230 |   947 |  1174 |   279 ||  2715
         Reflection        |       |     3 |     5 |    37 |    18 |    22 ||    85

Table legend: (Time is in decaauts)
 A = Elapsed time spent in this place.
 B = Non-inter-level travel time spent in this place.
 C = Inter-level travel time spent in this place.
 D = Time resting spent in this place.
 E = Time spent auto-exploring this place.
 F = Levels seen in this place.
 G = Mean time per level.
                   A        B        C        D        E       F      G
               +--------+--------+--------+--------+--------+-----+--------+
         Total |  28499 |  26710 |   1789 |   4980 |  16084 |  30 |  950.0 |
       Dungeon |  17465 |  16342 |   1123 |   3182 |  10028 |  15 | 1164.3 |
        Temple |     74 |     39 |     35 |      0 |     31 |   1 |   74.0 |
          Lair |   5845 |   5449 |    396 |   1034 |   3252 |   5 | 1169.0 |
  Orcish Mines |   1454 |   1351 |    103 |    211 |    783 |   2 |  727.0 |
   Elven Halls |   2753 |   2622 |    131 |    421 |   1583 |   3 |  917.7 |
         Trove |     91 |     91 |      0 |      0 |      6 |   1 |   91.0 |
         Sewer |    155 |    155 |      0 |      0 |    107 |   1 |  155.0 |
      Ice Cave |    200 |    200 |      0 |    130 |      8 |   1 |  200.0 |
      Gauntlet |    458 |    458 |      0 |      1 |    286 |   1 |  458.0 |
               +--------+--------+--------+--------+--------+-----+--------+

Top non-repeatable levels by time:
    D:11: 2414 daAuts
     D:8: 2046 daAuts
  Lair:1: 1795 daAuts
    D:14: 1700 daAuts
    D:10: 1699 daAuts
   Elf:2: 1624 daAuts
     D:6: 1621 daAuts
    D:12: 1248 daAuts
  Lair:5: 1212 daAuts
  Lair:2: 1180 daAuts
     D:7: 951 daAuts
   Orc:2: 950 daAuts
    D:15: 948 daAuts
     D:4: 926 daAuts
     D:5: 903 daAuts
